 Dungeon Crawl Stone Soup version 0.28-a0-726-g4a9143789a (webtiles) character file.

Game seed: 16884811538074731896

4 pokeman the Magician (level 1, 0/10 HPs)
             Began as a Deep Elf Hedge Wizard on Oct 27, 2021.
             Slain by a jackal (3 damage)
             ... on level 1 of the Dungeon.
             The game lasted 00:00:33 (227 turns).

pokeman the Magician (Deep Elf Hedge Wizard)         Turns: 227, Time: 00:00:34

Health: 0/10       AC:  2    Str:  7    XL:     1   Next: 58%
Magic:  4/8        EV: 12    Int: 18    God:
Gold:   0          SH:  0    Dex: 14    Spells: 8/9 levels left

rFire   . . .      SeeInvis .   a - +0 dagger
rCold   . . .      Faith    .   (no shield)
rNeg    . . .      Spirit   .   b - +0 robe
rPois   +          Reflect  .   c - +0 hat
rElec   .          Harm     .   (no cloak)
rCorr   .          Rampage  .   (no gloves)
Will    .....                   (no boots)
Stlth   ++........              (no amulet)
HPRegen 0.03/turn               d - ring of poison resistance
MPRegen 0.11/turn               (no ring)

@: no status effects
A: no striking features
a: no special abilities


You were on level 1 of the Dungeon.
You visited 1 branch of the dungeon, and saw 1 of its levels.

Inventory:

Hand Weapons
 a - a +0 dagger (weapon)
Missiles
 e - 16 arrows
Armour
 b - a +0 robe (worn)
 c - a +0 hat (worn)
Jewellery
 d - a ring of poison resistance (left hand)


   Skills:
 + Level 0.2 Fighting
 + Level 0.2 Armour
 - Level 2.4 Dodging
 - Level 2.4 Stealth
 * Level 4.5 Spellcasting
 + Level 1.2 Conjurations
 - Level 1.1 Summonings
 - Level 1.1 Translocations


You had 8 spell levels left.
You knew the following spells:

 Your Spells              Type           Power      Damage    Failure   Level
a - Magic Dart            Conj           32%        1d4       9%          1

Your spell library contained the following spells:

 Spells                   Type           Power      Damage    Failure   Level
 Blink                    Tloc           16%        N/A       13%         2
 Call Imp                 Summ           8%         N/A       13%         2
 Slow                     Hex            4%         N/A       22%         2
 Conjure Flame            Conj/Fire      6%         6-21      32%         3
 Mephitic Cloud           Conj/Pois/Air  5%         N/A       34%         3


Dungeon Overview and Level Annotations

Branches:
Dungeon (1/15)

Altars:


Message History

The jackal barely misses you.
The ball python hisses angrily.
The jackal barely misses you. The jackal bites you. The jackal bites you.
Casting: Magic Dart (safe; 9% risk of failure)
Confirm with . or Enter, or press ? or * to list all spells.
Aiming: Magic Dart (safe; 9% risk of failure)
Press: ? - help, Shift-Dir - straight line, f/p - jackal
Aim: a jackal (moderately wounded, 100% to hit)
The magic dart hits the jackal.
The jackal is heavily wounded.
The jackal barely misses you.
Casting: Magic Dart (safe; 9% risk of failure)
Confirm with . or Enter, or press ? or * to list all spells.
Aiming: Magic Dart (safe; 9% risk of failure)
Press: ? - help, Shift-Dir - straight line, f/p - jackal
Aim: a jackal (heavily wounded, 100% to hit)
The magic dart hits the jackal but does no damage.
The jackal is heavily wounded.
The jackal barely misses you.
Casting: Magic Dart (safe; 9% risk of failure)
Confirm with . or Enter, or press ? or * to list all spells.
Aiming: Magic Dart (safe; 9% risk of failure)
Press: ? - help, Shift-Dir - straight line, f/p - jackal
Aim: a jackal (heavily wounded, 100% to hit)
The magic dart hits the jackal.
The jackal is almost dead.
The jackal bites you.
* * * LOW HITPOINT WARNING * * *
The jackal misses you.
Casting: Magic Dart (safe; 9% risk of failure)
Confirm with . or Enter, or press ? or * to list all spells.
Aiming: Magic Dart (safe; 9% risk of failure)
Press: ? - help, Shift-Dir - straight line, f/p - jackal
Aim: a jackal (almost dead, 100% to hit)
The magic dart hits the jackal but does no damage.
The jackal is almost dead.
The jackal bites you.
You die...

#....................
#.###.####.##.######
#.# #.####.......#
#.# #.......[.##.#
#†# ######.#.###.#
#.########.#.# #.#
#..........#.# #S#
############.# #h#
#.# #@# #.# #.#
#####.# #.# #.....#
#.# #.....###.#
#.........#
#.....##### #.....#
#.....#


You could see a jackal and a ball python.

Vanquished Creatures
  A giant cockroach (D:1)
  2 ball pythons (D:1)
  A bat (D:1)
  A frilled lizard (D:1)
  A rat (D:1)
6 creatures vanquished.

Notes
Turn   | Place    | Note
-------+----------+-------------------------------------------
     0 | D:1      | pokeman the Deep Elf Hedge Wizard began the quest for the
                  | Orb.
     0 | D:1      | Reached XP level 1. HP: 10/10 MP: 7/7
   227 | D:1      | Slain by a jackal

Illustrated notes

Levels and vault maps discovered:
D:1:      onia_arrival_mini_maze_b, layout_basic, minmay_split_cup_small

Action                   || total
-------------------------++-------
 Cast: Magic Dart        ||    14
Dodge: Dodged            ||     5

Table legend: (Time is in decaauts)
 A = Elapsed time spent in this place.
 B = Non-inter-level travel time spent in this place.
 C = Inter-level travel time spent in this place.
 D = Time resting spent in this place.
 E = Time spent auto-exploring this place.
 F = Levels seen in this place.
 G = Mean time per level.
                   A        B        C        D        E       F      G
               +--------+--------+--------+--------+--------+-----+--------+
         Total |    226 |    226 |      0 |      0 |    178 |   1 |  226.0 |
       Dungeon |    226 |    226 |      0 |      0 |    178 |   1 |  226.0 |
               +--------+--------+--------+--------+--------+-----+--------+

Top non-repeatable levels by time:
     D:1: 226 daAuts
